AoeStats
← Stephan der Wütende

QS Arena

503194623Analyzed
1v1 RM · 1mo ago on Aug 30, 2026· 68m 56s· 2 players
Game mode
Random Map
Map size
Tiny (2 player)
Population
200
Speed
Normal
Resources
Standard
Victory
Conquest
Starting age
Dark Age
Ending age
Imperial Age
RankedLock teamsTeams togetherTeam positionsShared explorationLock speedFull tech treeHidden civsTurbo modeCheats
Victory
Defeat
🇪🇨 Persians · Ecuador
769
+14
🇩🇪 Turks · Germany
723
-14
Stephan der Wütende
3:10 Loom
4:29 Loom
8:31 Feudal Age
8:58 Horse Collar
9:45 Double-Bit Axe
13:55 Gold Mining
16:26 Castle Age
16:00 Forging
15:44 Stone Mining
16:56 Scale Mail Armor
20:57 Heavy Plow
31:49 Imperial Age
31:00 Bow Saw
31:38 Padded Archer Armor
31:29 Fletching
32:51 Gold Shaft Mining
33:29 Town Watch
35:43 Hoardings
36:54 Sipahi
38:55 Squires
38:41 Arson
40:22 Wheelbarrow
41:20 Bodkin Arrow
41:41 Chain Mail Armor
43:49 Town Patrol
44:16 Fortified Wall
44:02 Murder Holes
46:15 Masonry
46:11 Bracer
46:46 Iron Casting
46:50 Sappers
49:27 Hand Cart
50:44 Ballistics
50:41 Artillery
51:07 Scale Barding Armor
50:46 Treadmill Crane
52:59 Elite Janissary
54:00 Arrowslits
55:41 Conscription
56:36 Architecture
58:54 Bloodlines
60:57 Two-Man Saw
66:04 Guilds
karkos13
8:46 Feudal Age
14:33 Castle Age
13:02 Double-Bit Axe
16:07 Bloodlines
29:10 Scale Barding Armor
29:46 Parthian Tactics
32:29 Kamandaran
33:32 Ballistics
33:07 Crossbowman
33:56 Thumb Ring
34:17 Husbandry
35:55 Elite Skirmisher
40:07 Imperial Age
39:12 Bow Saw
41:49 Chemistry
41:56 Conscription
43:30 Wheelbarrow
43:38 Chain Barding Armor
43:09 Fletching
48:26 Hoardings
47:25 Sappers
48:09 Elite War Elephant
53:16 Citadels
54:50 Plate Barding Armor
55:22 Padded Archer Armor
56:51 Leather Archer Armor
Connection lost

Rejoining the realm…

Still unreachable

The connection could not be restored.

Session expired

The server has moved on; the page needs a fresh start.